 Dungeon Crawl Stone Soup version 0.24-a0-762-gca426f5 (webtiles) character file.

Game seed: 16789877637543921496, levelgen mode: deterministic

22925 BoppinsLewinski the Basher (level 12, -4/101 HPs)
             Began as a Centaur Gladiator on Oct 3, 2019.
             Was a High Priest of Makhleb.
             Slain by a yak (9 damage)
             ... on level 5 of the Lair of Beasts.
             The game lasted 00:40:20 (15356 turns).

BoppinsLewinski the Basher (Centaur Gladiator)     Turns: 15356, Time: 00:40:21

Health: -4/101     AC: 16    Str: 20    XL:     12   Next: 67%
Magic:  0/26       EV:  6    Int: 12    God:    Makhleb [*****.]
Gold:   965        SH:  0    Dex: 13    Spells: 11/11 levels left

rFire    . . .     SeeInvis .   k - +4 great mace (protect)
rCold    . . .     Gourm    .   (shield currently unavailable)
rNeg     . . .     Faith    .   G - +0 plate armour
rPois    +         Spirit   +   u - +3 hat of Pondering {ponderous, MR+ MP+10 Int+5}
rElec    .         Reflect  .   s - +0 cloak
rCorr    .         Harm     .   F - +0 pair of gloves
MR       ++...                  (no barding)
Stlth    ..........             p - amulet of guardian spirit
HPRegen  0.26/turn              v - ring of protection from magic
MPRegen  0.20/turn              l - ring of poison resistance

@: quick
A: large, hooves 3, deformed body, speed 2, tough skin 3
a: Minor Destruction, Lesser Servant of Makhleb, Major Destruction, Greater
Servant of Makhleb, Renounce Religion


You were on level 5 of the Lair of Beasts.
You worshipped Makhleb.
Makhleb was extremely pleased with you.
You were not hungry.

You visited 2 branches of the dungeon, and saw 14 of its levels.
You also visited: Sewer.

You collected 965 gold pieces.

Inventory:

Hand Weapons
 k - a +4 great mace of protection (weapon)
 x - a +0 flail
 y - a +0 morningstar
Missiles
 f - a throwing net (quivered)
Armour
 b - a +0 helmet
 s - a +0 cloak (worn)
 u - the +3 hat of Pondering (worn) {ponderous, MR+ MP+10 Int+5}
   (You took it off Gastronok on level 8 of the Dungeon)

   It affects your intelligence (+5).
   It affects your resistance to hostile enchantments.
   It affects your magic capacity (+10).
 F - a +0 pair of gloves (worn)
 G - a +0 plate armour (worn)
Jewellery
 l - a ring of poison resistance (right hand)
 n - an uncursed amulet of the acrobat
 p - an amulet of guardian spirit (around neck)
 v - a ring of protection from magic (left hand)
 D - a +5 ring of protection {unknown}
 K - an uncursed amulet of regeneration
Wands
 q - a wand of digging (8)
 t - a wand of acid (3)
 z - a wand of enslavement (5)
 B - a wand of random effects (32)
 C - a wand of clouds (6)
 H - a wand of flame (22)
 I - a wand of paralysis (8)
 J - a wand of iceblast (5)
Scrolls
 a - 3 scrolls of enchant armour
 c - 4 scrolls of magic mapping {unknown}
 e - 10 scrolls of amnesia
 g - 11 scrolls of teleportation
 h - 6 scrolls of fog
 i - 8 scrolls of remove curse
 j - 11 scrolls of fear
 m - 4 scrolls of immolation {unknown}
 A - 2 scrolls of summoning {unknown}
 E - a scroll of silence
 N - 2 scrolls of vulnerability {unknown}
Potions
 o - 6 potions of brilliance
 r - 4 potions of magic
 w - a potion of heal wounds
Comestibles
 d - 22 rations


   Skills:
 + Level 7.8 Fighting
 * Level 12.3 Maces & Flails
 - Level 2.1 Throwing
 + Level 5.7 Armour
 + Level 6.1 Dodging
 - Level 6.7 Unarmed Combat
 + Level 6.5 Invocations
 + Level 5.3 Evocations


You had 11 spell levels left.
You didn't know any spells.
Your spell library contained the following spells:

 Spells                   Type           Power        Failure   Level  Hunger
 Animate Skeleton         Necr           N/A          100%        1    ##.....
 Apportation              Tloc           #.....       100%        1    ##.....
 Beastly Appendage        Tmut           #.....       100%        1    ##.....
 Confusing Touch          Hex            #.....       100%        1    ##.....
 Magic Dart               Conj           #...         100%        1    ##.....
 Summon Small Mammal      Summ           #...         100%        1    ##.....
 Blink                    Tloc           N/A          100%        2    ###....
 Call Imp                 Summ           #.......     100%        2    ###....
 Searing Ray              Conj           #.....       100%        2    ###....
 Slow                     Hex            #.......     100%        2    ###....
 Sticks to Snakes         Tmut           #.......     100%        2    ###....
 Conjure Flame            Conj/Fire      #.......     100%        3    ####...
 Dazzling Spray           Conj/Hex       #.....       100%        3    ####...
 Mephitic Cloud           Conj/Pois/Air  #.......     100%        3    ####...
 Spider Form              Tmut/Pois      #.........   100%        3    ####...
 Force Lance              Conj/Tloc      #.......     100%        4    #####..
 Fulminant Prism          Conj/Hex       #.........   100%        4    #####..
 Ice Form                 Ice/Tmut       #.......     100%        4    #####..
 Iskenderun's Mystic Bla  Conj           #.......     100%        4    #####..
 Blade Hands              Tmut           #.........   100%        5    ######.


Dungeon Overview and Level Annotations

Branches:
Dungeon (9/15)             Temple (0/1) D:7            Lair (5/6) D:9
  Swamp (0/4) Lair:4       Spider (0/4) Lair:2        Sewer (visited)
  Slime: Lair:5-6       Orc: D:9-12

Altars:
Ashenzari
Cheibriados
Elyvilon
Fedhas
Gozag
Hepliaklqana
Makhleb
Qazlal
Sif Muna
Uskayaw
Vehumet
Zin
The Shining One

Shops:
D:4 }   D:8 [

Annotations:
D:4 3 runed translucent doors, manchovi's ghost, novice MiFi
Lair:5 3 runed translucent doors, Kanen's ghost, journeyman DsFi


Innate Abilities, Weirdness & Mutations

You have hooves in place of feet.
Armour fits poorly on your strangely shaped body.
You cover ground very quickly.
You have extremely tough skin. (AC +3)


Message History

Ye be nay longer poison'd.
Tha yak barely misses ye.
Tha yak completely misses ye.
Unknown command.
Ye bludgeon tha yak!!
Ye kill tha yak!
Makhleb accepts yer kill.
Tha yak gores ye but does nay damage.
Tha yak gores ye but does nay damage.
Tha yak gores ye.
* * * LOW HITPOINT WARNIN'
* * * Tha yak gores ye but does nay damage.
Tha yak gores ye but does nay damage.
Tha yak gores ye but does nay damage.
Tha yak gores ye!
* * * LOW HITPOINT WARNIN'
* * * Tha yak barely misses ye.
Tha yak gores ye!
* * * LOW HITPOINT WARNIN'
* * * Tha yak gores ye!
Ye die...

........... ................
...........................[.....
........... .#...P#PP............
............ ....................
............##...................
###.........................P..P.
##...#.##..................#...#.
#.......#..............<..#......
.......##.......@†.............#.
P......# .......Y...............#
..P#..## ...................#..#.
†###P..##......%............P...#
.................................
.................................
.................................
...............................##
....<..........................#


You could see a yak.

Vanquished Creatures
  Gastronok (D:8)
  Harold (D:8)
  Pikel (D:7)
  A manticore (D:7)
  5 elephants (Lair:3)
  3 black mambas
  6 spiny frogs
  A torpor snail (Lair:4)
  A rime drake (Lair:3)
  4 komodo dragons
  12 blink frogs
  Prince Ribbit (D:5)
  5 hippogriffs
  Sigmund (D:3)
  22 yaks
  A hungry ghost (D:7)
  A steam dragon (D:8)
  Menkaure (D:7)
  10 water moccasins
  8 porcupines
  2 orc warriors
  2 ice beasts
  A sky beast (D:8)
  A phantom (D:6)
  6 wolves (Lair:1)
  4 ogres
  4 centaurs
  8 crocodiles
  A big kobold (D:8)
  17 bullfrogs
  4 scorpions
  A killer bee (D:7)
  3 crimson imps
  A centaur zombie (D:3)
  5 hounds
  An orc priest (D:3)
  Crazy Yiuf (D:3)
  3 centaur skeletons
  4 iguanas
  A jelly (D:8)
  2 orc wizards
  Natasha (twice) (D:3)
  12 worker ants
  A killer bee zombie (D:6)
  A worker ant zombie (D:6)
  8 gnolls
  11 adders
  5 river rats (Sewer)
  2 shadow imps
  3 oozes
  An adder zombie (D:8)
  5 adder skeletons
  5 worms
  4 dart slugs
  5 leopard geckos
  29 orcs
  14 ball pythons
  8 bats
  9 giant cockroaches
  9 goblins
  12 hobgoblins
  14 jackals
  8 quokkas
  8 frilled lizards
  8 kobolds
  A leopard gecko zombie (D:6)
  A quokka skeleton (D:4)
  33 rats
377 creatures vanquished.

Vanquished Creatures (others)
  A slave (D:7)
  A scorpion (D:7)
  A quasit (D:7)
  3 jackals (D:7)
  3 fungi
9 creatures vanquished.

Grand Total: 386 creatures vanquished

Notes
Turn   | Place    | Note
-------+----------+-------------------------------------------
     0 | D:1      | BoppinsLewinski the Centaur Gladiator began the quest for
                  | the Orb.
     0 | D:1      | Reached XP level 1. HP: 17/17 MP: 1/1
   132 | D:1      | Reached XP level 2. HP: 24/24 MP: 2/2
   349 | D:1      | Reached XP level 3. HP: 30/30 MP: 3/3
   820 | D:2      | Reached skill level 1 in Armour
  1051 | D:2      | Reached XP level 4. HP: 33/37 MP: 4/4
  1351 | D:2      | Found a shattered altar of Ashenzari.
  1517 | D:3      | Reached XP level 5. HP: 26/44 MP: 5/5
  1826 | D:3      | Noticed Natasha
  1842 | D:3      | Killed Natasha
  2474 | D:3      | Noticed Sigmund
  2790 | D:3      | Killed Sigmund
  2790 | D:3      | Reached skill level 5 in Unarmed Combat
  2790 | D:3      | Reached XP level 6. HP: 31/51 MP: 6/6
  2919 | D:3      | Found a runed translucent door.
  2920 | D:3      | Noticed Crazy Yiuf
  3038 | D:3      | Killed Crazy Yiuf
  3097 | D:3      | Noticed Natasha
  3103 | D:3      | Killed Natasha
  3454 | D:4      | Found Tehat's Gadget Emporium.
  3607 | D:4      | Found a stormy altar of Qazlal.
  3607 | D:4      | Found a blossoming altar of Fedhas.
  3633 | D:4      | Reached XP level 7. HP: 52/58 MP: 7/7
  3896 | D:4      | Found a runed translucent gate.
  3896 | D:4      | Found a runed translucent gate.
  3896 | D:4      | Found a runed translucent gate.
  3897 | D:4      | Noticed manchovi's ghost (novice MiFi)
  4118 | D:5      | Entered Level 5 of the Dungeon
  4768 | D:5      | Noticed Prince Ribbit
  4779 | D:5      | Killed Prince Ribbit
  4779 | D:5      | Reached XP level 8. HP: 50/67 MP: 8/8
  4878 | D:5      | Found a burning altar of Makhleb.
  4880 | D:5      | Noticed an Executioner
  5008 | D:5      | Noticed a hellwing
  5010 | D:5      | Became a worshipper of Makhleb the Destroyer
  5083 | D:6      | Found a glowing drain.
  5112 | Sewer    | Entered a sewer
  5246 | Sewer    | Reached skill level 1 in Maces & Flails
  5280 | Sewer    | Reached * piety under Makhleb
  5624 | Sewer    | Reached skill level 2 in Maces & Flails
  5630 | Sewer    | Reached skill level 3 in Maces & Flails
  6029 | D:6      | Reached skill level 4 in Maces & Flails
  6414 | D:6      | Reached skill level 5 in Maces & Flails
  6441 | D:6      | Reached ** piety under Makhleb
  6452 | D:6      | Reached XP level 9. HP: 19/72 MP: 9/9
  6456 | D:6      | Reached skill level 6 in Maces & Flails
  6467 | D:6      | HP: 3/72 [iguana (8)]
  7495 | D:7      | Noticed Pikel
  7498 | D:7      | Found a staircase to the Ecumenical Temple.
  7510 | D:7      | Killed Pikel
  7510 | D:7      | Reached skill level 7 in Maces & Flails
  7649 | D:7      | Reached skill level 8 in Maces & Flails
  7663 | D:7      | Found a snail-covered altar of Cheibriados.
  7885 | D:7      | Noticed a +0 hand axe
  7886 | D:7      | Noticed a +0 hand axe
  7890 | D:7      | Found a hide-covered altar of Uskayaw.
  7971 | D:7      | Noticed a manticore
  7979 | D:7      | Reached skill level 9 in Maces & Flails
  7988 | D:7      | Killed a manticore
  8090 | D:7      | Reached XP level 10. HP: 34/80 MP: 7/10
  8358 | D:7      | Reached *** piety under Makhleb
  8470 | D:7      | Noticed Menkaure
  8473 | D:7      | Killed Menkaure
  8779 | D:8      | Reached skill level 10 in Maces & Flails
  8950 | D:8      | Found Hecsooh's Armour Shoppe.
  8951 | D:8      | Noticed Harold
  8962 | D:8      | Killed Harold
  8962 | D:8      | Reached skill level 5 in Fighting
  8962 | D:8      | Reached skill level 1 in Invocations
  8962 | D:8      | Reached skill level 1 in Evocations
  9193 | D:8      | Found an opulent altar of Gozag.
  9193 | D:8      | Found a radiant altar of Vehumet.
  9193 | D:8      | Found a shimmering blue altar of Sif Muna.
  9514 | D:8      | Noticed Gastronok
  9532 | D:8      | Killed Gastronok
  9979 | D:9      | Found a hazy altar of Hepliaklqana.
 10079 | D:9      | Found a staircase to the Lair.
 10185 | D:9      | Found a glowing silver altar of Zin.
 10185 | D:9      | Found a white marble altar of Elyvilon.
 10185 | D:9      | Found a glowing golden altar of the Shining One.
 10476 | Lair:1   | Entered Level 1 of the Lair of Beasts
 10487 | Lair:1   | Reached XP level 11. HP: 89/89 MP: 13/13
 10826 | Lair:1   | Reached skill level 5 in Dodging
 11060 | Lair:1   | Reached skill level 11 in Maces & Flails
 11065 | Lair:1   | Reached **** piety under Makhleb
 11612 | Lair:2   | Found a hole to the Spider Nest.
 12262 | Lair:3   | Reached skill level 5 in Invocations
 12956 | Lair:3   | Reached skill level 5 in Armour
 13157 | Lair:4   | Reached XP level 12. HP: 79/100 MP: 16/16
 13635 | Lair:4   | Found a staircase to the Swamp.
 13747 | Lair:4   | Reached ***** piety under Makhleb
 13759 | Lair:4   | Reached skill level 12 in Maces & Flails
 14629 | Lair:5   | Reached skill level 5 in Evocations
 15207 | Lair:5   | Noticed Kanen's ghost (journeyman DsFi)
 15213 | Lair:5   | Noticed a minotaur
 15228 | Lair:5   | Found a runed translucent gate.
 15228 | Lair:5   | Found a runed translucent gate.
 15228 | Lair:5   | Found a runed translucent gate.
 15355 | Lair:5   | HP: 4/101 [yak (8)]
 15356 | Lair:5   | Slain by a yak

Levels and vault maps discovered:
D:1:      psy_arrival_fountain, layout_basic, minmay_pentomino_o2
D:2:      layout_loops_ring, lemuel_round_altar
D:3:      layout_loops_ring, first_ration, uniq_sigmund,
          uniq_crazy_yiuf_cottage, uniq_natasha
D:4:      layout_basic, grunt_temple_overflow_forces_of_nature, serial_shops,
          shop_statue, gammafunk_ghost_necromancy, small_statue_intersection,
          grunt_decor_one_mirror
D:5:      layout_cave_pools, makhleb_altar_promises_db, uniq_prince_ribbit1
D:6:      layout_basic, portal_sewer_entry_a, minmay_alternating_orb
D:7:      layout_loops_corners, dancing_weapons_uskayaw, slow_altar_1,
          minmay_temple_entry_slanted, nzn_random_ring, uniq_pikel,
          uniq_menkaure
D:8:      layout_basic, gammafunk_temple_overflow_forgotten, serial_shops, shop,
          uniq_gastronok, uniq_harold
D:9:      layout_small_grid, good_gods_mini_temple, lemuel_doored_altar,
          lair_entry_dummy
Lair:1:   layout_cave_shapes
Lair:2:   layout_small_grid, nicolae_spider_entry_non_spiders,
          lemuel_fruit_fields
Lair:3:   layout_misc_corridors
Lair:4:   layout_cave_shapes, minmay_swamp_entry_worms,
          infiniplex_staircase_pool, grunt_megastairs_5
Lair:5:   layout_regular_city, maelrawn_ghost_gauntlet_escape,
          eino_house_with_fridge, lemuel_fruit_fields

Skill      XL: |  1  2  3  4  5  6  7  8  9 10 11 12 |
---------------+-------------------------------------+-----
Armour         | 1 2 3 4 5 |  5.7
Unarmed Combat | 4 5 6 |  6.7
Fighting       | 3 4 5 7 |  7.8
Dodging        | 3 4 5 6 |  6.1
Maces & Flails | 5 9 10 11 12 | 12.3
Invocations    | 3 5 6 |  6.5
Evocations     | 2 4 5 |  5.3
Throwing       | |  2.1

Action                   |  1- 3 |  4- 6 |  7- 9 | 10-12 || total
-------------------------+-------+-------+-------+-------++-------
Melee: Unarmed           |   114 |   194 |   130 |       ||   438
       Kick              |    22 |    49 |   116 |   168 ||   355
       Punch             |       |     2 |     4 |       ||     6
       Great mace        |       |       |   147 |   495 ||   642
       Morningstar       |       |       |   175 |    57 ||   232
Throw: Throwing net      |     1 |     9 |     3 |       ||    13
Evoke: Wand              |       |       |     7 |     8 ||    15
  Use: Scroll            |       |     6 |     7 |     9 ||    22
       Potion            |       |     2 |     9 |     6 ||    17
 Stab: Held in net/web   |       |     1 |     1 |       ||     2
  Eat: Chunk             |       |     7 |     5 |    12 ||    24
       Ration            |       |       |     3 |     3 ||     6
Armor: Leather armour    |    46 |    23 |       |       ||    69
       Skin              |       |     9 |       |       ||     9
       Chain mail        |       |    10 |   365 |       ||   375
       Plate armour      |       |       |    78 |   394 ||   472
Dodge: Dodged            |    60 |    66 |   256 |   149 ||   531

Table legend:
 A = Non-vault XP
 B = Vault XP
 C = Vault XP percentage of total XP
 D = Non-vault monster count
 E = Vault monster count
 F = Vault count percentage of total count
                 A         B        C        D         E       F
            +---------+---------+-------+---------+---------+-------
      Total |   24672 |    8079 |  24.7 |     276 |     101 |  26.8
            +---------+---------+-------+---------+---------+-------
        D:1 |      46 |       3 |   6.1 |      23 |       2 |   8.0
        D:2 |      79 |       0 |   0.0 |      30 |       0 |   0.0
        D:3 |     247 |     309 |  55.6 |      30 |       3 |   9.1
        D:4 |     249 |       0 |   0.0 |      18 |       0 |   0.0
        D:5 |     431 |     274 |  38.9 |      15 |       1 |   6.2
        D:6 |     637 |     550 |  46.3 |      21 |      16 |  43.2
        D:7 |     478 |    2216 |  82.3 |      17 |      17 |  50.0
        D:8 |    1168 |    3278 |  73.7 |      22 |       2 |   8.3
        D:9 |     631 |       0 |   0.0 |       6 |       0 |   0.0
     Lair:1 |    3540 |       0 |   0.0 |      20 |       0 |   0.0
     Lair:2 |    1469 |     217 |  12.9 |       8 |       8 |  50.0
     Lair:3 |    5247 |      90 |   1.7 |      18 |       1 |   5.3
     Lair:4 |    5663 |     811 |  12.5 |      24 |       3 |  11.1
     Lair:5 |    4787 |       0 |   0.0 |      24 |       0 |   0.0
      Sewer |       0 |     331 | 100.0 |       0 |      48 | 100.0
            +---------+---------+-------+---------+---------+-------
